 Dungeon Crawl Stone Soup version 0.29.0-4-gdea44cf6ec (webtiles) character file.

Game seed: 2935765025261941420

32 qw the Chopper (level 3, -1/21 HPs)
             Began as a Tengu Warper on Aug 28, 2022.
             Slain by a kobold
             ... wielding a +0 short sword
              (3 damage)
             ... on level 2 of the Dungeon.
             The game lasted 00:00:04 (1226 turns).

qw the Chopper (Tengu Warper)                       Turns: 1226, Time: 00:00:05

Health: -1/21      AC:  8    Str: 13    XL:     3   Next: 25%
Magic:  7/7        EV:  6    Int: 13    God:
Gold:   102        SH:  0    Dex: 19    Spells: 6/6 levels left

rFire   . . .      SeeInvis .   Y - +0 hand axe
rCold   . . .      Faith    .   (no shield)
rNeg    . . .      Spirit   .   e - +0 chain mail
rPois   .          Reflect  .   (helmet restricted)
rElec   .          Harm     .   (no cloak)
rCorr   .          Rampage  .   (no gloves)
Will    .....                   (boots unavailable)
Stlth   ..........              (no amulet)
HPRegen 0.07/turn               l - +6 ring of dexterity
MPRegen 0.10/turn               (no ring)

@: no status effects
A: beak, talons 3
a: no special abilities


You were on level 2 of the Dungeon.
You visited 1 branch of the dungeon, and saw 2 of its levels.

You collected 102 gold pieces.


Innate Abilities, Weirdness & Mutations

You have a beak for a mouth.
You have claws for feet.


   Skills:
 - Level 2.0 Fighting
 + Level 4.0 Axes
 - Level 1.0 Throwing
 - Level 1.1 Armour
 - Level 2.1 Dodging
 - Level 2.0 Spellcasting
 - Level 2.4 Translocations


You had 6 spell levels left.
You didn't know any spells.
Your spell library contained the following spells:

 Spells                   Type           Power      Damage    Failure   Level
 Blink                    Tloc           14%        N/A       99%         2
 Gell's Gravitas          Tloc           7%         N/A       100%        3
 Lesser Beckoning         Tloc           7%         N/A       100%        3
 Teleport Other           Tloc           7%         N/A       100%        3
 Manifold Assault         Tloc           7%         N/A       100%        5

Inventory:

Hand Weapons
 g - a +0 club
 Y - a +0 hand axe (weapon)
Armour
 e - a +0 chain mail (worn)
Jewellery
 l - a +6 ring of dexterity (left hand)
Potions
 i - a potion of ambrosia {unknown}
 j - 3 potions of curing
 k - a potion of heal wounds {unknown}

Dungeon Overview and Level Annotations

Branches:
Dungeon (2/15)

Altars:
Gozag

Annotations:
D:2 Robin


Message History

You closely miss the goblin. You barely miss the hobgoblin.
The hobgoblin hits you but does no damage.
The goblin completely misses you. The goblin hits you with a +0 dagger.
The hobgoblin hits you. The goblin hits you but does no damage.
You hit the goblin.
You kill the goblin!
You hit the hobgoblin. You hit the goblin.
You kill the goblin!
You hit the hobgoblin. You hit the hobgoblin.
You kill the hobgoblin!
You completely miss the hobgoblin. You barely miss the kobold.
The goblin unwields a +0 dagger.
The goblin wields a +0 sling.
The goblin shoots a sling bullet.
The sling bullet closely misses you. The kobold hits you but does no damage.
The hobgoblin hits you but does no damage.
Robin throws the goblin at you!
You hit the hobgoblin but do no damage. You miss the goblin.
You barely miss the goblin. You hit the goblin. You barely miss the kobold.
The kobold hits you but does no damage. The goblin closely misses you.
The goblin hits you but does no damage.
The hobgoblin hits you but does no damage.
The goblin unwields a +0 sling.
The goblin wields a +0 dagger.
The goblin hits you but does no damage.
You barely miss the goblin. You claw the goblin.
You kill the goblin!
You closely miss the kobold. You hit the hobgoblin but do no damage.
You barely miss the goblin. You hit the goblin.
The kobold hits you but does no damage. The goblin hits you but does no damage.
The hobgoblin hits you.
Robin hits you from afar with a +2 spear of flaming.
Robin burns you. The goblin hits you but does no damage.
Your Axes skill increases to level 4!
You hit the goblin.
You kill the goblin!
You barely miss the kobold. You closely miss the hobgoblin. You hit the goblin.
You kill the goblin!
The hobgoblin hits you. Robin hits you but does no damage.
The kobold hits you with a +0 short sword.
You die...

#.............#
#.##..........#
#.####.#......#
#.#...........#
#.#....##.....#
#....####.....#
#.###...##
#######
#.....#)#####
##....g@)...#
#.#.##)K...#
#... #g....#
#.. #...).#
...# #.....# #
#.>...# #.....#
#.....#


You could see Robin, a hobgoblin (strong) and a kobold.

Vanquished Creatures
  A dart slug (D:1)
  2 bats (D:1)
  A giant cockroach (D:1)
  9 goblins
  5 hobgoblins
  4 jackals (D:1)
  2 kobolds (D:1)
  3 rats (D:1)
27 creatures vanquished.

Vanquished Creatures (others)
  A plant (D:2)
1 creature vanquished.

Grand Total: 28 creatures vanquished

Notes
Turn   | Place    | Note
-------+----------+-------------------------------------------
     0 | D:1      | qw the Tengu Warper began the quest for the Orb.
     0 | D:1      | Reached XP level 1. HP: 12/12 MP: 4/4
     0 | D:1      | 0 ||| qw: Version: 0.1-a-89-g26bdef1
     0 | D:1      | 0 ||| qw: Game counter: 2860
     0 | D:1      | 0 ||| qw: Always use a shield: true
     0 | D:1      | 0 ||| qw: God list: Okawaru
     0 | D:1      | 0 ||| qw: Allow faded altars: false
     0 | D:1      | 0 ||| qw: Do Orc after D:15 true
     0 | D:1      | 0 ||| qw: Do second Lair branch before Depths: true
     0 | D:1      | 0 ||| qw: Lair rune preference: random
     0 | D:1      | 0 ||| qw: Plans: Normal
     0 | D:1      | 0 ||| PLANNING D:1-11
    13 | D:1      | 13 ||| Stepping ~*~*~tactically~*~*~ (stealth).
   219 | D:1      | 219 ||| Stepping ~*~*~tactically~*~*~ (stealth).
   226 | D:1      | Reached XP level 2. HP: 15/17 MP: 6/6
   232 | D:1      | Reached skill level 3 in Axes
   719 | D:1      | 719 ||| Stepping ~*~*~tactically~*~*~ (hiding).
  1012 | D:1      | 1012 ||| Stepping ~*~*~tactically~*~*~ (stealth).
  1152 | D:1      | 1152 ||| UPGRADING to +0 chain mail.
  1162 | D:1      | 1162 ||| DROPPING +0 leather armour.
  1163 | D:1      | 1163 ||| UPGRADING to +6 ring of dexterity.
  1164 | D:1      | 1164 ||| READING scroll labelled NESHRA ASESCH.
  1169 | D:1      | 1169 ||| READING 2 scrolls labelled LAG TOMIGIQ.
  1170 | D:1      | 1170 ||| READING 2 scrolls labelled NURIUHUCSA.
  1171 | D:1      | 1171 ||| READING scroll labelled EGHID ZIECUU.
  1172 | D:1      | 1172 ||| DRINKING 4 brown potions.
  1173 | D:1      | 1173 ||| DROPPING scroll of blinking.
  1174 | D:1      | 1174 ||| DROPPING scroll of fear.
  1175 | D:1      | 1175 ||| DROPPING scroll of magic mapping.
  1188 | D:2      | Found an opulent altar of Gozag.
  1217 | D:2      | Noticed Robin
  1219 | D:2      | Reached XP level 3. HP: 19/21 MP: 7/7
  1225 | D:2      | HP: 4/21 [Robin/+2 spear of flaming (2)]
  1226 | D:2      | Reached skill level 4 in Axes
  1226 | D:2      | Slain by a kobold

Levels and vault maps discovered:
D:1:      dpeg_arrival_round_b, layout_loops_ring
D:2:      layout_basic, basic_altar, shapermc_ecumenical_altar_mp_urbaneastern,
          minmay_pentomino_r4, uniq_robin

Skill      XL: |  1  2  3 |
---------------+----------+-----
Axes           | 3 4 |  4.0
Fighting       | |  2.0
Throwing       | |  1.0
Armour         | |  1.1
Dodging        | |  2.1
Spellcasting   | |  2.0
Translocations | |  2.4

Action                   || total
-------------------------++-------
Melee: Hand axe          ||    51
       Kick              ||    13
       Peck              ||     4
Throw: Boomerang         ||     7
  Use: Scroll            ||     4
       Potion            ||     1
Armor: Leather armour    ||     6
       Chain mail        ||    16
Dodge: Dodged            ||    24

Table legend:
 A = Non-vault XP
 B = Vault XP
 C = Vault XP percentage of total XP
 D = Non-vault monster count
 E = Vault monster count
 F = Vault count percentage of total count
                 A         B        C        D         E       F
            +---------+---------+-------+---------+---------+-------
      Total |      33 |      17 |  34.0 |      18 |       9 |  33.3
            +---------+---------+-------+---------+---------+-------
        D:1 |      31 |       0 |   0.0 |      17 |       0 |   0.0
        D:2 |       2 |      17 |  89.5 |       1 |       9 |  90.0
            +---------+---------+-------+---------+---------+-------
